 Dungeon Crawl Stone Soup version 0.19-b1-4-gd8a0a2a (webtiles) character file.

851 Chiseanne the Skirmisher (level 7, 0/56 HPs)
             Began as a Mummy Artificer on Oct 30, 2016.
             Was an Initiate of Gozag.
             Slain by a bullfrog (2 damage)
             ... on level 6 of the Dungeon.
             The game lasted 00:14:46 (5576 turns).

Chiseanne the Skirmisher (Mummy Artificer)          Turns: 5576, Time: 00:14:47

Health: 0/56       AC:  8    Str: 21    XL:     7   Next: 69%
Magic:  10/10      EV: 10    Int: 12    God:    Gozag
Gold:   587        SH:  0    Dex:  9    Spells: 0 memorised, 6 levels left

rFire  x . .     SeeInvis .     a - +1 dagger (venom)
rCold  + . .     Gourm    .     h - +0 scale mail
rNeg   + + +     Faith    .     (no shield)
rPois  ∞         Spirit   .     n - +0 hat
rElec  .         Reflect  .     (no cloak)
rCorr  .         Harm     .     (no gloves)
MR     .....                    i - +0 pair of boots
Stlth  ..........               (no amulet)
                                k - +5 ring of strength
                                e - -3 ring of dexterity (curse)

@: gold aura
A: no food or potions, fire vulnerability, cold resistance 1, negative energy
resistance 3, torment resistance, unbreathing
a: Potion Petition, Call Merchant, Bribe Branch, Renounce Religion


You were on level 6 of the Dungeon.
You worshipped Gozag.
Gozag was pleased with you.
You were not hungry.

You visited 2 branches of the dungeon, and saw 7 of its levels.

You collected 608 gold pieces.
You paid 21 gold pieces to Gozag.

Inventory:

Hand Weapons
 a - a +1 dagger of venom (weapon)
 d - a +1 vampiric dagger
 s - a +2 mace of crushing
Missiles
 f - 170 stones (quivered)
 g - 168 arrows
 j - 50 bolts
 m - 24 sling bullets
 o - 37 poisoned needles
Armour
 h - a +0 scale mail (worn)
 i - a +0 pair of boots (worn)
 n - a +0 hat (worn)
Jewellery
 e - a cursed -3 ring of dexterity (left hand)
 k - a +5 ring of strength (right hand)
Wands
 c - a wand of flame (0/48)
 p - a wand of enslavement (14/24)
Scrolls
 l - 6 scrolls of identify
 r - a scroll of remove curse
Books
 q - a book of Geomancy

   Spells                             Type                      Level
   a - Sandblast                      Earth                        1
   b - Passwall                       Transmutation/Earth          2
   c - Stone Arrow                    Conjuration/Earth            3
   d - Petrify                        Transmutation/Earth          4
   e - Lee's Rapid Deconstruction     Earth                        5


   Skills:
 * Level 5.1 Fighting
 - Level 0.7 Short Blades
 * Level 4.0 Armour
 - Level 1.7 Dodging
 - Level 0.7 Stealth
 * Level 4.6 Evocations


You had 6 spell levels left.
You didn't know any spells.

Dungeon Overview and Level Annotations

Branches:
Dungeon (6/15)             Temple (1/1) D:4

Altars:
Ashenzari
Cheibriados
Dithmenos
Elyvilon
Fedhas
Gozag
Hepliaklqana
Kikubaaqudgha
Makhleb
Nemelex Xobeh
Qazlal
Ru
Sif Muna
Trog
Uskayaw
Vehumet
The Shining One


Innate Abilities, Weirdness & Mutations

You do not eat or drink.
Your flesh is vulnerable to fire.
You are immune to poison.
Your flesh is cold resistant. (rC+)
You are immune to negative energy. (rN+++)
You are immune to unholy pain and torment.
You can survive without breathing.


Message History

The bullfrog is moderately wounded.
The bullfrog barely misses you.
An ogre comes into view. It is wielding a giant club.
The ogre shouts!
You hit the bullfrog.
The bullfrog looks as sick as possible!
The bullfrog is severely wounded.
The bullfrog hits you but does no damage. x2
You miss the bullfrog.
The bullfrog is severely wounded.
Reactivating autopickup.
Your Armour skill increases to level 4!
You feel a bit more experienced. The bullfrog barely misses you.
An orc priest comes into view.
The orc priest shouts!
The orc priest invokes the aid of Beogh against you.
Beogh smites you!
* * * LOW HITPOINT WARNING * * *
The bullfrog hits you.
You die...
Your body crumbles into a pile of gold.

#### #..### #.$$.#
#####.##.#######..
#.F...##..##......
######@####.$O....#
#..........o##a###..oo.
#..........###.. ####≈
#).........# #... $
#..........###...
#.[............>..
####........##.###
#........##...
#............


You could see a bullfrog and an orc priest.

Vanquished Creatures
  A phantom (D:3)
  2 ogres
  A scorpion (D:5)
  A howler monkey (D:5)
  A hound (D:4)
  An orc priest (D:6)
  5 orc wizards
  An iguana (D:4)
  2 worker ants
  A hound skeleton (D:4)
  2 worker ant zombies
  4 adders
  4 gnolls
  A shadow imp (D:5)
  An ooze (D:1)
  4 worms
  3 leopard geckos
  8 orcs
  3 bats
  6 giant cockroaches
  10 goblins
  9 hobgoblins
  2 jackals (D:1)
  2 quokkas
  2 ball pythons
  8 frilled lizards
  6 kobolds
  A quokka skeleton (D:4)
  12 rats
104 creatures vanquished.

Vanquished Creatures (collateral kills)
  An orc priest (D:3)
1 creature vanquished.

Grand Total: 105 creatures vanquished

Notes
Turn   | Place    | Note
-------+----------+-------------------------------------------
     0 | D:1      | Chiseanne the Mummy Artificer began the quest for the Orb.
     0 | D:1      | Reached XP level 1. HP: 15/15 MP: 2/2
   191 | D:1      | Reached XP level 2. HP: 21/21 MP: 3/3
   317 | D:1      | Reached skill level 2 in Fighting
   508 | D:1      | Reached XP level 3. HP: 24/27 MP: 5/5
   879 | D:1      | Reached skill level 1 in Armour
  1462 | D:2      | Found a faded altar of an unknown god.
  1570 | D:2      | Found an ancient bone altar of Kikubaaqudgha.
  1700 | D:2      | Reached XP level 4. HP: 34/34 MP: 6/6
  1780 | D:2      | Found an opulent altar of Gozag.
  1780 | D:2      | Found a faded altar of an unknown god.
  1792 | D:2      | Found a faded altar of an unknown god.
  1795 | D:2      | Became a worshipper of Gozag Ym Sagoz the Greedy
  1984 | D:2      | Found a faded altar of an unknown god.
  1985 | D:2      | Found a faded altar of an unknown god.
  2231 | D:3      | Noticed a phantom
  2342 | D:3      | Found a shadowy altar of Dithmenos.
  2359 | D:3      | Killed a phantom
  2359 | D:3      | Reached skill level 3 in Fighting
  2359 | D:3      | Reached XP level 5. HP: 13/41 MP: 7/7
  2633 | D:3      | Found a white marble altar of Elyvilon.
  3125 | D:4      | Found a staircase to the Ecumenical Temple.
  3184 | Temple   | Entered the Ecumenical Temple
  3268 | D:4      | Reached XP level 6. HP: 37/47 MP: 8/8
  3763 | D:4      | Found a burning altar of Makhleb.
  4127 | D:4      | Reached skill level 4 in Fighting
  4181 | D:5      | Entered Level 5 of the Dungeon
  4209 | D:5      | Found a bloodstained altar of Trog.
  4294 | D:5      | Reached XP level 7. HP: 9/54 MP: 10/10
  5552 | D:6      | Reached skill level 5 in Fighting
  5576 | D:6      | HP: 2/56 [orc priest/divine providence (11)]
  5576 | D:6      | Slain by a bullfrog

Skill      XL: |  1  2  3  4  5  6  7 |
---------------+----------------------+-----
Fighting       | 2 3 4 5 |  5.1
Armour         | 1 2 3 4 |  4.0
Evocations     | 3 4 |  4.6
Short Blades   | |  0.7
Dodging        | |  1.7
Stealth        | |  0.7

Action                   |  1- 3 |  4- 6 |  7- 9 || total
-------------------------+-------+-------+-------++-------
Melee: Short sword       |   166 |       |       ||   166
       Dagger            |     4 |   182 |   123 ||   309
       Mace              |       |     5 |     6 ||    11
Evoke: Wand              |     5 |    26 |       ||    31
  Use: Scroll            |     1 |     6 |     3 ||    10
 Stab: Confused          |       |     1 |       ||     1
Armor: Scale mail        |    57 |    35 |    57 ||   149
       Leather armour    |     6 |       |       ||     6
       Ring mail         |       |    21 |       ||    21
Dodge: Dodged            |    95 |    71 |    61 ||   227
